 Dungeon Crawl Stone Soup version 0.28.0-45-g0d030f2227 (webtiles) character file.

Game seed: 7939749341008782187

4217 Icepheonix32 the Shield-Bearer (level 10, -8/111 HPs)
             Began as a Demonspawn Fighter on Apr 16, 2022.
             Was a Believer of Okawaru.
             Mangled by Erica
             ... wielding a +2 scimitar of flaming
              (11 damage)
             ... on level 9 of the Dungeon.
             The game lasted 00:12:22 (8121 turns).

Icepheonix32 the Shield-Bearer (Demonspawn Fighter) Turns: 8121, Time: 00:12:22

Health: -8/111     AC: 25    Str: 21    XL:     10   Next: 9%
Magic:  0/10       EV:  2    Int:  9    God:    Okawaru [**....]
Gold:   418        SH:  6    Dex: 13    Spells: 9/9 levels left

rFire   . . .      SeeInvis .   a - +1 long sword
rCold   . . .      Faith    .   c - +0 buckler
rNeg    . . .      Spirit   +   (armour currently unavailable)
rPois   +          Reflect  .   (helmet currently unavailable)
rElec   .          Harm     .   (cloak currently unavailable)
rCorr   .          Rampage  .   (gloves currently unavailable)
Will    .....      NoTele   +   (boots currently unavailable)
Stlth   ++........              K - amulet of guardian spirit
HPRegen 0.28/turn               A - +4 ring of slaying
MPRegen 0.12/turn               q - +4 ring of slaying

@: tree-form, hasted and slowed, invisible
A: stationary, stasis, torment immunity, boosted hp, (claws 2), (large bone
plates 3), ignite blood 1, powered by death 2
a: Renounce Religion, Heroism


You were on level 9 of the Dungeon.
You worshipped Okawaru.
Okawaru was pleased with you.
You were a tree.
You visited 2 branches of the dungeon, and saw 10 of its levels.

You collected 496 gold pieces.
You spent 78 gold pieces at shops.

Inventory:

Hand Weapons
 a - a +1 long sword (weapon)
Missiles
 y - a throwing net (quivered)
 B - 6 poisoned darts
Armour
 b - a +0 scale mail (melded)
 c - a +0 buckler (worn)
 i - a +0 chain mail
 k - a +2 pair of gloves (melded)
 m - a +0 helmet (melded)
 n - a scarf of shadows
 r - the +2 cloak of Qinot (melded) {rElec rF+ Dex+4}
   (You found it on level 3 of the Dungeon)

   Dex:       It affects your dexterity (+4).
   rF:        It protects you from fire.
   rElec:     It insulates you from electricity.
 F - a scarf of harm
 H - a +0 troll leather armour
Jewellery
 h - a +6 ring of intelligence
 q - a +4 ring of slaying (right branch)
 x - a ring of positive energy
 A - a +4 ring of slaying (left branch)
 K - an amulet of guardian spirit (around neck)
Wands
 v - a wand of paralysis (8)
Scrolls
 e - a scroll of enchant weapon
 g - 3 scrolls of amnesia
 j - 3 scrolls of fog
 l - 4 scrolls of magic mapping
 z - a scroll of identify
 G - a scroll of blinking {unknown}
Potions
 d - 4 potions of lignification
 f - a potion of haste
 p - 3 potions of heal wounds {unknown}
 s - a potion of brilliance {unknown}
 t - a potion of might
 u - a potion of berserk rage {unknown}
 w - a potion of magic {unknown}
 C - a potion of flight {unknown}
 D - a potion of invisibility
 E - a potion of resistance {unknown}
 I - a potion of mutation {unknown}
 J - a potion of ambrosia {unknown}


   Skills:
 + Level 5.4 Fighting
 + Level 7.6 Long Blades
 + Level 5.7 Armour
 * Level 5.1 Dodging
 + Level 1.1 Stealth
 * Level 7.8 Shields
 - Level 0.1 Unarmed Combat


You had 9 spell levels left.
You didn't know any spells.
Your spell library contained the following spells:

 Spells                   Type           Power      Damage    Failure   Level
 Ozocubu's Armour         Ice            0%         N/A       83%         3
 Metabolic Englaciation   Hex/Ice        0%         N/A       100%        5
 Chain Lightning          Conj/Air       0%         N/A       100%        9
 Fire Storm               Conj/Fire      0%         5d1       100%        9
 Shatter                  Erth           0%         3d5*      100%        9
 Simulacrum               Ice/Necr       Unusable   N/A       N/A         6

Dungeon Overview and Level Annotations

Branches:
Dungeon (9/15)             Temple (1/1) D:7             Orc (0/2) D:9
   Lair: D:8-11

Altars:
Ashenzari
Cheibriados
Dithmenos
Elyvilon
Fedhas
Gozag
Hepliaklqana
Kikubaaqudgha
Makhleb
Nemelex Xobeh
Okawaru
Qazlal
Ru
Sif Muna
Trog
Uskayaw
Vehumet
Wu Jian
Xom
Yredelemnul
Zin
The Shining One

Shops:
D:1 ?[(   D:2 !   D:4 !

Annotations:
D:4 3 runed translucent doors, SuperSeabass's ghost, amateur PaCj; pkoi's ghost, novice DgGl; skusey55's ghost, amateur DrBe
D:9 Erica


Innate Abilities, Weirdness & Mutations

You are a tree.
Your roots penetrate the ground, keeping you stationary.
You cannot be teleported.
You are immune to unholy pain and torment.
Your maximum health is greatly increased.
Your equipment is partially melded.
((You have very sharp fingernails.))
((You are completely covered in large bone plates. (SH +8)))
Your demonic aura sometimes causes spilled blood to erupt in flames.
You regenerate health from kills.


Message History

Something tries to affect you, but you resist.
You feel better.
You hear some strange, mumbled words.
A lance of force appears from out of thin air!
The lance of force hits you!
* * * LOW HITPOINT WARNING * * *
You are knocked back by the lance of force.
You hear some strange, mumbled words.
A bolt of poison appears from out of thin air!
The bolt of poison hits you.
You are lethally poisoned!
* * * LOW HITPOINT WARNING * * *
You feel better.
Unknown command.
Okay, then.
Something tries to affect you, but you resist.
Okay, then.
You feel better.
You feel yourself speed up.
You hear some strange, mumbled words.
Something tries to affect you, but you resist.
It was a potion of invisibility.
You fade into invisibility!
You miss something. Something hits you!
* * * LOW HITPOINT WARNING * * *
Unknown command.
You closely miss something. You block something's attack.
Unknown command.
You hit something. Something hits you!
* * * LOW HITPOINT WARNING * * *
Something burns you.
* * * LOW HITPOINT WARNING * * *
Unknown command.
It was a potion of lignification.
You turn into a tree.
The +2 cloak of Qinot {rElec rF+ Dex+4} melds into your body.
Your +0 helmet melds into your body.
Your +2 pair of gloves melds into your body.
Your +0 scale mail melds into your body.
Your roots penetrate the ground.
Something hits you!
You die...

#.........# #.....
#########.## #..... #..#
#..... #...##### ########.#
#....^ #.......# #........#
#..... #.......# #........##
#..... ##.......#
#.........###..... ......(..+
+......)....+..... .........#
#♣.....)..###.....
..(......####{.....)..######..
...(.....{..........)..# #..
..................####.#####..
..................####..).....
./#########.......#...........
. #########'###.......
#............###+#
#.............##.#


There were no monsters in sight!

Vanquished Creatures
  A slime creature (D:6)
  Joseph (D:7)
  A troll (D:8)
  Prince Ribbit (D:7)
  A wyvern (D:7)
  2 steam dragons (D:7)
  A water moccasin (D:8)
  3 ice beasts
  A hornet zombie (D:8)
  5 ogres
  4 centaurs
  4 lemures (D:8)
  2 phantoms
  2 kobold brigands (D:6)
  2 scorpions
  A water moccasin skeleton (D:6)
  2 centaur zombies
  3 centaur skeletons
  7 jellies
  A bullfrog skeleton (D:6)
  3 orc priests
  A hound (D:7)
  2 gnoll shamans (D:6)
  2 iguanas
  Terence (D:2)
  5 orc wizards
  A hound zombie (D:5)
  10 gnolls
  6 adders
  2 white imps
  2 adder skeletons (D:4)
  2 worms
  A dart slug (D:4)
  20 orcs
  4 ball pythons
  8 endoplasms
  A giant cockroach (D:2)
  2 goblins
  5 hobgoblins
  5 quokkas
  5 bats
  5 frilled lizards
  21 kobolds
  10 rats
169 creatures vanquished.

Vanquished Creatures (others)
  A fungus (D:6)
  11 toadstools (D:6)
12 creatures vanquished.

Grand Total: 181 creatures vanquished

Notes
Turn   | Place    | Note
-------+----------+-------------------------------------------
     0 | D:1      | Icepheonix32 the Demonspawn Fighter began the quest for the
                  | Orb.
     0 | D:1      | Reached XP level 1. HP: 18/18 MP: 1/1
   288 | D:1      | Found Karhoar's Armour Boutique.
   402 | D:1      | Gained mutation: You have sharp fingernails. [demonic
                  | ancestry]
   402 | D:1      | Reached XP level 2. HP: 24/24 MP: 2/2
   701 | D:1      | Found Aboomux's Weapon Shop.
   885 | D:1      | Found Nuubisa's Magic Scroll Shoppe.
   894 | D:1      | Bought a scroll of noise for 12 gold pieces
   894 | D:1      | Bought a scroll of magic mapping for 42 gold pieces
   894 | D:1      | Bought a scroll of identify for 24 gold pieces
  1041 | D:2      | Noticed Terence
  1057 | D:2      | Killed Terence
  1058 | D:2      | Gained mutation: You are partially covered in large bone
                  | plates. (SH +4) [demonic ancestry]
  1058 | D:2      | Reached XP level 3. HP: 12/29 MP: 3/3
  1348 | D:2      | Found Puxew's Distillery.
  1381 | D:2      | Found a faded altar of an unknown god.
  1727 | D:2      | Gained mutation: Your demonic aura sometimes causes spilled
                  | blood to erupt in flames. [demonic ancestry]
  1727 | D:2      | Reached XP level 4. HP: 32/35 MP: 4/4
  2770 | D:3      | Identified the +2 cloak of Qinot {rElec rF+ Dex+4}
  2838 | D:4      | Gained mutation: You regenerate a little health from kills.
                  | [demonic ancestry]
  2838 | D:4      | Reached XP level 5. HP: 35/41 MP: 5/5
  2864 | D:4      | Reached skill level 1 in Dodging
  2908 | D:4      | Noticed a phantom
  3061 | D:3      | Gained mutation: You have very sharp fingernails. [demonic
                  | ancestry]
  3061 | D:3      | Reached XP level 6. HP: 13/47 MP: 6/6
  3375 | D:4      | Found Jaitox's Distillery.
  3537 | D:4      | Gained mutation: You are mostly covered in large bone
                  | plates. (SH +6) [demonic ancestry]
  3537 | D:4      | Reached XP level 7. HP: 34/53 MP: 7/7
  4185 | D:4      | Found a runed translucent gate.
  4185 | D:4      | Found a runed translucent gate.
  4185 | D:4      | Found a runed translucent gate.
  4186 | D:4      | Noticed skusey55's ghost (amateur DrBe)
  4187 | D:4      | Noticed SuperSeabass's ghost (amateur PaCj)
  4187 | D:4      | Noticed pkoi's ghost (novice DgGl)
  4450 | D:5      | Entered Level 5 of the Dungeon
  4457 | D:5      | Reached skill level 5 in Long Blades
  4480 | D:5      | Reached skill level 5 in Shields
  4480 | D:5      | Gained mutation: You regenerate health from kills. [demonic
                  | ancestry]
  4480 | D:5      | Reached XP level 8. HP: 12/60 MP: 8/8
  5945 | D:6      | Noticed a slime creature
  5946 | D:6      | Noticed a slime creature
  5962 | D:6      | Killed a large slime creature
  5963 | D:6      | Reached XP level 9. HP: 28/66 MP: 9/9
  5964 | D:6      | Reached skill level 5 in Armour
  6315 | D:7      | Found a staircase to the Ecumenical Temple.
  6338 | Temple   | Entered the Ecumenical Temple
  6405 | Temple   | Became a worshipper of Warmaster Okawaru
  6468 | D:7      | Noticed Prince Ribbit
  6475 | D:7      | Killed Prince Ribbit
  6476 | D:7      | Reached skill level 5 in Fighting
  6476 | D:7      | Reached skill level 1 in Stealth
  6615 | D:7      | Found a burning altar of Makhleb.
  6616 | D:7      | Noticed Joseph
  6631 | D:7      | Killed Joseph
  6631 | D:7      | Reached * piety under Okawaru
  7090 | D:8      | Noticed a troll
  7097 | D:8      | Killed a troll
  7098 | D:8      | Reached skill level 5 in Dodging
  7158 | D:8      | Reached ** piety under Okawaru
  7159 | D:8      | Gained mutation: You are completely covered in large bone
                  | plates. (SH +8) [demonic ancestry]
  7159 | D:8      | Reached XP level 10. HP: 68/74 MP: 10/10
  7506 | D:8      | Noticed Pikel
  7507 | D:8      | Found a sparkling altar of Nemelex Xobeh.
  7828 | D:8      | Found an ancient bone altar of Kikubaaqudgha.
  7831 | D:8      | Found a snail-covered altar of Cheibriados.
  7832 | D:8      | Found a hide-covered altar of Uskayaw.
  7832 | D:8      | Found a basalt altar of Yredelemnul.
  7832 | D:8      | Found a bloodstained altar of Trog.
  7832 | D:8      | Found a stormy altar of Qazlal.
  7834 | D:8      | Found an opulent altar of Gozag.
  7835 | D:8      | Found a shimmering altar of Xom.
  7836 | D:8      | Found a blossoming altar of Fedhas.
  7996 | D:9      | Found a staircase to the Orcish Mines.
  8096 | D:9      | Noticed Erica
  8100 | D:9      | Paralysed by something for 7 turns
  8111 | D:9      | HP: 2/74 [something/bolt of poison (4)]
  8120 | D:9      | HP: 3/74 [something (6)]
  8121 | D:9      | Mangled by Erica

Illustrated notes

Levels and vault maps discovered:
D:1:      heliophobic_arrival_henge, layout_loops_ring, serial_shops,
          nicolae_lakefront_shop, shop_statue, nicolae_shop_crystal,
          st_stairs_11
D:2:      minmay_chambers_of_twos, layout_rooms, serial_shops, shop,
          basic_ecumenical_altar, uniq_terence
D:3:      layout_loops_ring, serial_park_tiny_2
D:4:      layout_loops_ring, gammafunk_ghost_cemetery, serial_shops,
          nicolae_diamond_shop, minmay_between
D:5:      layout_cave_pools
D:6:      cheibrodos_fertilizer, layout_loops_corners,
          chequers_serial_rivers_micro_d
D:7:      layout_cave_pools, mainiacjoe_overflow_chevrons,
          minmay_temple_entry_stoned_glass, chequers_serial_rivers_micro_a,
          uniq_prince_ribbit1, uniq_joseph
D:8:      layout_basic, minitemple, uniq_pikel
D:9:      layout_basic, orc_0_dummy, serial_curves, eino_curves_02,
          eino_curves_03, uniq_erica
Temple:   eino_wide_crystal_templ

Skill      XL: |  1  2  3  4  5  6  7  8  9 |
---------------+----------------------------+-----
Shields        | 3 4 5 6 7 |  7.8
Armour         | 3 4 5 |  5.7
Long Blades    | 2 3 4 5 6 7 |  7.6
Dodging        | 1 2 4 5 |  5.1
Fighting       | 4 5 |  5.4
Stealth        | 1 |  1.1
Unarmed Combat | |  0.1

Action                   |  1- 3 |  4- 6 |  7- 9 | 10-12 || total
-------------------------+-------+-------+-------+-------++-------
Melee: Long sword        |    97 |   117 |   267 |    59 ||   540
Throw: Dart              |       |       |       |     3 ||     3
Evoke: Wand              |       |       |     1 |       ||     1
  Use: Scroll            |     2 |       |     7 |       ||     9
       Potion            |     1 |     2 |       |     6 ||     9
Armor: Scale mail        |    37 |    44 |    74 |    25 ||   180
Dodge: Dodged            |    44 |    49 |    81 |    19 ||   193
Block: Buckler           |    34 |    57 |   144 |    33 ||   268
